 Dungeon Crawl Stone Soup version 0.26.1-2-gb8aa6d0cf2 (webtiles) character file.

Game seed: 9376759541780719164

49 nightchill the Bolt Thrower (level 4, 34/34 HPs)
             Began as a Formicid Hunter on Mar 12, 2021.
             Got out of the dungeon alive.
             The game lasted 00:03:17 (1806 turns).

nightchill the Bolt Thrower (Formicid Hunter)       Turns: 1806, Time: 00:03:18

Health: 34/34      AC:  7    Str: 18    XL:     4   Next: 2%
Magic:  4/4        EV: 10    Int: 10    God:
Gold:   92         SH:  0    Dex: 11    Spells: 3/3 levels left

rFire    . . .     SeeInvis +   a - +1 dagger (holy)
rCold    . . .     Faith    .   (no shield)
rNeg     . . .     Spirit   .   m - +0 scale mail
rPois    .         Reflect  .   (helmet unavailable)
rElec    .         Harm     .   h - +0 cloak
rCorr    .         Rampage  .   (no gloves)
Will     .....                  (no boots)
Stlth    +.........             (no amulet)
HPRegen  0.11/turn              (no ring)
MPRegen  0.09/turn              (no ring)

@: no status effects
A: permanent stasis, dig shafts and tunnels, four strong arms, antennae 3
a: Dig, Shaft Self


You escaped.
You visited 1 branch of the dungeon, and saw 2 of its levels.

You collected 92 gold pieces.

Inventory:

Hand Weapons
 a - a +1 dagger of holy wrath (weapon)
 b - a +0 short sword
 k - a +1 hand crossbow
Missiles
 d - 44 bolts
Armour
 c - a +0 leather armour
 h - a +0 cloak (worn)
 m - a +0 scale mail (worn)
Jewellery
 i - a cursed +6 ring of strength {unknown}
Scrolls
 e - a scroll of blinking {unknown}
 g - a scroll of identify {unknown}
Potions
 f - a potion of flight {unknown}
 j - a potion of degeneration {unknown}
 l - a potion of invisibility {unknown}


   Skills:
 + Level 2.9 Fighting
 * Level 2.1 Short Blades
 - Level 4.0 Crossbows
 - Level 1.7 Dodging
 + Level 2.5 Stealth


You had 3 spell levels left.
You didn't know any spells.
Your spell library was empty.

Dungeon Overview and Level Annotations

Branches:
Dungeon (2/15)

Altars:


Innate Abilities, Weirdness & Mutations

You cannot be hasted, slowed, berserked, paralysed or teleported.
You can dig through walls and to a lower floor.
Your four strong arms can wield two-handed weapons with a shield.
You have a pair of large antennae on your head. (SInv)


Message History

You start resting.
You feel sick. x8
You are no longer poisoned.
You start resting.
HP restored.
You don't know any spells.
You extend your mandibles.
Your library has no spells.
Unknown command.
You start waiting.
Done waiting.
You retract your mandibles.
You see here an adder skeleton.
There is a stone staircase leading down, spattered with blood here.
Unknown command.
Done exploring.
You see here an adder skeleton.
There is an open door here.
There is a staircase leading out of the dungeon here.
Are you sure you want to leave the Dungeon?
This will make you lose the game!
You have escaped!

#......## #....'.#### #.#
........## #....#'#..## ###.###
.........# ####'#.....# #.....#
.........# ##.......#.# #.....#
.........# ###.....##'#.# #.....#
.........# #....####..#.###.....#
......)..###..#'####..#.........#
...........÷.##...##..#####.....#
.........#>####.@.##..# #.....#
.........#÷.########### #.....#
.........##...#############.....#
.........####....................
.........# #####################
........## #......## ########


There were no monsters in sight!

Vanquished Creatures
  2 adders (D:1)
  An ooze (D:1)
  2 leopard geckos (D:1)
  4 bats
  3 goblins (D:1)
  2 hobgoblins
  4 jackals (D:1)
  3 kobolds (D:1)
  5 rats (D:1)
26 creatures vanquished.

Notes
Turn   | Place    | Note
-------+----------+-------------------------------------------
     0 | D:1      | nightchill the Formicid Hunter began the quest for the Orb.
     0 | D:1      | Reached XP level 1. HP: 16/16 MP: 1/1
   401 | D:1      | Reached XP level 2. HP: 17/23 MP: 2/2
   414 | D:1      | Reached skill level 1 in Short Blades
  1074 | D:1      | Reached XP level 3. HP: 28/28 MP: 3/3
  1444 | D:1      | Reached XP level 4. HP: 14/34 MP: 4/4
  1806 | D:$      | Got out of the dungeon alive.

Illustrated notes

Levels and vault maps discovered:
D:1:      dpeg_arrival_short_road, layout_rooms
D:2:      layout_rooms, gammafunk_temple_overflow_pools, serial_corexii_hall,
          corexii_hall_statues_x, corexii_hall_statues_t

Skill      XL: |  1  2  3 |
---------------+----------+-----
Short Blades   | 1 2 |  2.1
Stealth        | 2 |  2.5
Fighting       | |  2.9
Crossbows      | |  4.0
Dodging        | |  1.7

Action                   |  1- 3 |  4- 6 || total
-------------------------+-------+-------++-------
Melee: Short sword       |    77 |       ||    77
       Dagger            |    52 |       ||    52
 Abil: Dig               |       |     1 ||     1
Armor: Leather armour    |    45 |       ||    45
       Scale mail        |    13 |       ||    13
Dodge: Dodged            |    99 |       ||    99
